PCL
CALGARY COWBOYS @ WALLA WALLA ALL-STARS
05/10/2023
 
TOP OF THE 1ST
Calgary Cowboys batting - Pitching for Walla Walla All-Stars : RHP John Bowden
Pitching: RHP John Bowden
Batting: RHB Jesús Hernández 0-0: Called Strike
0-1: Swinging Strike
0-2: DOUBLE (Line Drive, 7LS)
Batting: LHB Donald Schultz 0-0: Ball
1-0: Swinging Strike
1-1: Foul Ball, location: 2F
1-2: Ball
2-2: Ground out 2-3 (Groundball, 25)
Jesús Hernández to third
Batting: RHB Iain Liefting 0-0: Called Strike
0-1: Ball
1-1: Ball
2-1: Ball
3-1: Called Strike
3-2: Fly out, F8 (Flyball, 8LM)
Runner from 3rd tags up, SCORES, throw made
Batting: RHB Cristián Peńa 0-0: Called Strike
0-1: Ball
1-1: Foul Ball, location: 2F
1-2: Foul Ball, location: 2F
1-2: TRIPLE (Flyball, 7D)
Batting: RHB Jorge Balencia 0-0: Called Strike
0-1: Swinging Strike
0-2: Foul Ball, location: 2F
0-2: Ball
1-2: Foul Ball, location: 2F
1-2: Ground out 5-3 (Groundball, 5)
Top of the 1st over - 1 run(s), 2 hit(s), 0 error(s), 1 left on base; Calgary 1 - Walla Walla 0
BOTTOM OF THE 1ST
Walla Walla All-Stars batting - Pitching for Calgary Cowboys : RHP Abraham Hes
Pitching: RHP Abraham Hes
Batting: RHB Leslie Penn 0-0: Called Strike
0-1: Ground out 5-3 (Groundball, 5L)
Batting: SHB Sean Carr 0-0: Called Strike
0-1: Ball
1-1: Foul Ball, location: 2F
1-2: Ball
2-2: Ball
3-2: Ground out U3 (Groundball, 3S)
Batting: RHB Lorenzo Morín 0-0: Ball
1-0: SINGLE (Groundball, 56D)
Batting: RHB Claudio Guerra 0-0: Ball
1-0: Foul Ball, location: 2F
1-1: DOUBLE (Line Drive, 7LD)
Lorenzo Morín to third
Runner from 3rd tries for Home, SAFE, no throw or cutoff
Batting: LHB Keith Beard 0-0: Ball
1-0: Called Strike
1-1: Called Strike
1-2: Foul Ball, location: 2F
1-2: Ball
2-2: Foul Ball, location: 2F
2-2: Foul Ball, location: 2F
2-2: Foul Ball, location: 2F
2-2: Ground out 4-3 (Groundball, 4M)
Bottom of the 1st over - 1 run(s), 2 hit(s), 0 error(s), 1 left on base; Calgary 1 - Walla Walla 1
TOP OF THE 2ND
Calgary Cowboys batting - Pitching for Walla Walla All-Stars : RHP John Bowden
Batting: RHB Ramón Martínez 0-0: Called Strike
0-1: Called Strike
0-2: Fly out, F8 (Flyball, 8LS)
Batting: RHB Shayne Burry 0-0: Ball
1-0: Ball
2-0: Called Strike
2-1: Ball
3-1: Base on Balls
Batting: RHB Tom Yarbrough 0-0: Ball
1-0: Called Strike
1-1: Called Strike
1-2: Ball
2-2: Ball
3-2: Base on Balls
Shayne Burry to second
Batting: RHB Júlio Soto 0-0: Fly out, F7 (Flyball, 7M)
Batting: RHB Jesús Hernández 0-0: Ball
1-0: Foul Ball, location: 2F
1-1: Foul Ball, location: 2F
1-2: Ball
2-2: Foul Ball, location: 2F
2-2: Fly out, F7 (Flyball, 78M)
Top of the 2nd over - 0 run(s), 0 hit(s), 0 error(s), 2 left on base; Calgary 1 - Walla Walla 1
BOTTOM OF THE 2ND
Walla Walla All-Stars batting - Pitching for Calgary Cowboys : RHP Abraham Hes
Batting: RHB Pablo Lucero 0-0: Ball
1-0: Called Strike
1-1: Foul Ball, location: 2F
1-2: Foul Ball, location: 2F
1-2: Ball
2-2: Ball
3-2: Foul Ball, location: 2F
3-2: DOUBLE (Line Drive, 7LS)
Batting: LHB Mike Young 0-0: Called Strike
0-1: 2-RUN HOME RUN (Flyball, 9D), Distance : 381 ft
Batting: RHB Jim Dunbar 0-0: SOLO HOME RUN (Line Drive, 78XD), Distance : 404 ft
Batting: RHB Pablo Castillo 0-0: Foul Ball, location: 2F
0-1: Ball
1-1: Ball
2-1: Ball
3-1: Foul Ball, location: 2F
3-2: Base on Balls
Batting: RHB Leslie Penn 0-0: Ball
1-0: Swinging Strike
1-1: Swinging Strike
1-2: Strikes out swinging
Batting: SHB Sean Carr 0-0: Foul Ball, location: 2F
0-1: Ball
1-1: Ball
2-1: Ball
3-1: Base on Balls
Pablo Castillo to second
Batting: RHB Lorenzo Morín 0-0: Ground out 5-3 (Groundball, 5S)
Pablo Castillo to third
Sean Carr to second
Batting: RHB Claudio Guerra 0-0: Foul Ball, location: 2F
0-1: Ball
1-1: Foul Ball, location: 2F
1-2: Foul Ball, location: 2F
1-2: Ball
2-2: Ground out 6-3 (Groundball, 6M)
Bottom of the 2nd over - 3 run(s), 3 hit(s), 0 error(s), 2 left on base; Calgary 1 - Walla Walla 4
TOP OF THE 3RD
Calgary Cowboys batting - Pitching for Walla Walla All-Stars : RHP John Bowden
Batting: LHB Donald Schultz 0-0: Called Strike
0-1: Swinging Strike
0-2: SOLO HOME RUN (Flyball, 8RXD), Distance : 432 ft
Batting: RHB Iain Liefting 0-0: Foul Ball, location: 2F
0-1: Foul Ball, location: 2F
0-2: Ground out 5-3 (Groundball, 5)
Batting: RHB Cristián Peńa 0-0: Ball
1-0: Fly out, F3 (Popup, 3SF)
Batting: RHB Jorge Balencia 0-0: Ball
1-0: Fly out, F9 (Flyball, 9LM)
Top of the 3rd over - 1 run(s), 1 hit(s), 0 error(s), 0 left on base; Calgary 2 - Walla Walla 4
BOTTOM OF THE 3RD
Walla Walla All-Stars batting - Pitching for Calgary Cowboys : RHP Abraham Hes
Batting: LHB Keith Beard 0-0: Fly out, F9 (Flyball, 9LM)
Batting: RHB Pablo Lucero 0-0: Ball
1-0: Ball
2-0: Foul Ball, location: 2F
2-1: Foul Ball, location: 2F
2-2: Strikes out swinging
Batting: LHB Mike Young 0-0: Called Strike
0-1: Ball
1-1: Called Strike
1-2: Fly out, F9 (Flyball, 89D)
Bottom of the 3rd over - 0 run(s), 0 hit(s), 0 error(s), 0 left on base; Calgary 2 - Walla Walla 4
TOP OF THE 4TH
Calgary Cowboys batting - Pitching for Walla Walla All-Stars : RHP John Bowden
Batting: RHB Ramón Martínez 0-0: Called Strike
0-1: SOLO HOME RUN (Flyball, 8RXD), Distance : 436 ft
Batting: RHB Shayne Burry 0-0: Foul Ball, location: 2F
0-1: Ball
1-1: Foul Ball, location: 2F
1-2: DOUBLE (Line Drive, 8LXD)
Batting: RHB Tom Yarbrough 0-0: Called Strike
0-1: Ball
1-1: Ball
2-1: Ball
3-1: Base on Balls
Batting: RHB Júlio Soto 0-0: Foul Ball, location: 2F
0-1: Swinging Strike
0-2: Ball
1-2: SINGLE (Groundball, 25) (infield hit)
Shayne Burry to third
Tom Yarbrough to second
Batting: RHB Jesús Hernández 0-0: Called Strike
0-1: Ball
1-1: Fly out, F8 (Flyball, 8LM)
Runner from 3rd tags up, SCORES, throw made
Batting: LHB Donald Schultz 0-0: Ball
1-0: Fly out, F9 (Flyball, 9M)
Batting: RHB Iain Liefting 0-0: Ball
1-0: Ball
2-0: Ball
3-0: Called Strike
3-1: Base on Balls
Tom Yarbrough to third
Júlio Soto to second
Batting: RHB Cristián Peńa 0-0: Called Strike
0-1: Ball
1-1: GRAND SLAM HOME RUN (Flyball, 8LXD), Distance : 433 ft
Batting: RHB Jorge Balencia 0-0: Ball
1-0: Fly out, F6 (Line Drive, 6)
Top of the 4th over - 6 run(s), 4 hit(s), 0 error(s), 0 left on base; Calgary 8 - Walla Walla 4
BOTTOM OF THE 4TH
Walla Walla All-Stars batting - Pitching for Calgary Cowboys : RHP Abraham Hes
Batting: RHB Jim Dunbar 0-0: Ground out 4-3 (Groundball, 4)
Batting: RHB Pablo Castillo 0-0: Foul Ball, location: 2F
0-1: Ball
1-1: Ball
2-1: Ball
3-1: DOUBLE (Flyball, 8RXD)
Batting: RHB Leslie Penn 0-0: Ball
1-0: Called Strike
1-1: Ball
2-1: Ball
3-1: Foul Ball, location: 2F
3-2: Base on Balls
Batting: SHB Sean Carr 0-0: SINGLE (Line Drive, 4MD)
Pablo Castillo to third
Leslie Penn to second
Runner from 3rd tries for Home, SAFE, throw made home
Leslie Penn to third
Sean Carr to second
Batting: RHB Lorenzo Morín 0-0: DOUBLE (Groundball, 5L)
Leslie Penn scores
Sean Carr scores
Pitching: RHP Tim Flynn
Batting: RHB Claudio Guerra 0-0: Ball
Wild Pitch!
Lorenzo Morín to third
1-0: Hit by Pitch
Batting: LHB Keith Beard 0-0: Ball
1-0: Called Strike
1-1: Ball
2-1: Fly out, F8 (Flyball, 8LM)
Batting: RHB Pablo Lucero 0-0: Ball
1-0: Fly out, F6 (Line Drive, 6M)
Bottom of the 4th over - 3 run(s), 3 hit(s), 0 error(s), 2 left on base; Calgary 8 - Walla Walla 7
TOP OF THE 5TH
Calgary Cowboys batting - Pitching for Walla Walla All-Stars : RHP John Bowden
Pitching: RHP William Tagg
Batting: RHB Ramón Martínez 0-0: Called Strike
0-1: Foul Ball, location: 2F
0-2: Ball
1-2: Foul Ball, location: 2F
1-2: Foul Ball, location: 2F
1-2: Strikes out swinging
Batting: RHB Shayne Burry 0-0: Called Strike
0-1: Swinging Strike
0-2: Ball
1-2: Strikes out swinging
Batting: RHB Tom Yarbrough 0-0: Ball
1-0: Ball
2-0: Called Strike
2-1: Foul Ball, location: 2F
2-2: Ball
3-2: Strikes out looking
Top of the 5th over - 0 run(s), 0 hit(s), 0 error(s), 0 left on base; Calgary 8 - Walla Walla 7
BOTTOM OF THE 5TH
Walla Walla All-Stars batting - Pitching for Calgary Cowboys : RHP Tim Flynn
Batting: LHB Mike Young 0-0: Ball
1-0: Ball
2-0: Called Strike
2-1: Ground out 3-1 (Groundball, 34)
Batting: RHB Jim Dunbar 0-0: Swinging Strike
0-1: Foul Ball, location: 2F
0-2: SINGLE (Groundball, 4M)
Batting: RHB Pablo Castillo 0-0: Fly out, F7 (Flyball, 78XD)
Batting: RHB Leslie Penn 0-0: Swinging Strike
0-1: Foul Ball, location: 2F
0-2: SINGLE (Line Drive, 8LS)
Jim Dunbar to second
Batting: SHB Sean Carr 0-0: Swinging Strike
0-1: Foul Ball, location: 2F
0-2: Foul Ball, location: 2F
0-2: Ball
1-2: Ball
2-2: Fielders Choice at 2nd, 5-4 (Groundball, 5D)
Bottom of the 5th over - 0 run(s), 2 hit(s), 0 error(s), 1 left on base; Calgary 8 - Walla Walla 7
TOP OF THE 6TH
Calgary Cowboys batting - Pitching for Walla Walla All-Stars : RHP William Tagg
Batting: RHB Júlio Soto 0-0: Ball
1-0: Ball
2-0: Ground out 6-3 (Groundball, 6M)
Batting: RHB Jesús Hernández 0-0: Ball
1-0: Called Strike
1-1: Foul Ball, location: 2F
1-2: Ball
2-2: Strikes out looking
Batting: LHB Donald Schultz 0-0: Called Strike
0-1: Ball
1-1: Foul Ball, location: 2F
1-2: Ball
2-2: Ball
3-2: Base on Balls
Batting: RHB Iain Liefting 0-0: Called Strike
0-1: DOUBLE (Groundball, 5L)
Donald Schultz to third
Runner from 3rd tries for Home, SAFE, no throw or cutoff
Batting: RHB Cristián Peńa 0-0: Ball
1-0: Foul Ball, location: 2F
1-1: Swinging Strike
1-2: Ball
2-2: Ground out 5-3 (Groundball, 5)
Top of the 6th over - 1 run(s), 1 hit(s), 0 error(s), 1 left on base; Calgary 9 - Walla Walla 7
BOTTOM OF THE 6TH
Walla Walla All-Stars batting - Pitching for Calgary Cowboys : RHP Tim Flynn
Batting: RHB Lorenzo Morín 0-0: Ball
1-0: Called Strike
1-1: Ball
2-1: Foul Ball, location: 2F
2-2: Foul Ball, location: 2F
2-2: Ground out 5-3 (Groundball, 56)
Batting: RHB Claudio Guerra 0-0: Called Strike
0-1: Ball
1-1: Fly out, F7 (Flyball, 7D)
Batting: LHB Keith Beard 0-0: Foul Ball, location: 2F
0-1: SINGLE (Groundball, 4MD)
Batting: RHB Pablo Lucero 0-0: Ball
1-0: Called Strike
1-1: Ball
2-1: Foul Ball, location: 2F
2-2: Ball
3-2: SINGLE (Groundball, 6) (infield hit)
Keith Beard to second
Batting: LHB Mike Young 0-0: Called Strike
0-1: Called Strike
0-2: Strikes out swinging
Bottom of the 6th over - 0 run(s), 2 hit(s), 0 error(s), 2 left on base; Calgary 9 - Walla Walla 7
TOP OF THE 7TH
Calgary Cowboys batting - Pitching for Walla Walla All-Stars : RHP William Tagg
Pitching: RHP Javier Valenzuela
Batting: RHB Jorge Balencia 0-0: Hit by Pitch
Batting: RHB Ramón Martínez 0-0: Sac Bunt - play at first, batter OUT! 2-4
Jorge Balencia to second
Batting: RHB Shayne Burry 0-0: Intentional Walk
Pinch Hitting: SHB Juan Acevado 0-0: Called Strike
0-1: Ball
1-1: Swinging Strike
1-2: Ball
2-2: Foul Ball, location: 2F
2-2: Foul Ball, location: 2F
2-2: Foul Ball, location: 2F
2-2: Strikes out swinging
Batting: RHB Júlio Soto 0-0: Fly out, F7 (Flyball, 7S)
Top of the 7th over - 0 run(s), 0 hit(s), 0 error(s), 2 left on base; Calgary 9 - Walla Walla 7
BOTTOM OF THE 7TH
Walla Walla All-Stars batting - Pitching for Calgary Cowboys : RHP Tim Flynn
Pitching: RHP Richard Boyd
Now at 2B: Juan Acevado
Batting: RHB Jim Dunbar 0-0: Ball
1-0: Ball
2-0: Ground out 6-3 (Groundball, 6)
Batting: RHB Pablo Castillo 0-0: Ball
1-0: Swinging Strike
1-1: Ball
2-1: Ball
3-1: Base on Balls
Pinch Runner at 1st Daniel Guerrero:
Batting: RHB Leslie Penn 0-0: Swinging Strike
0-1: Swinging Strike
0-2: Ball
1-2: SINGLE (Groundball, 4M)
Daniel Guerrero to second
Runner from 2nd tries for 3rd, SAFE, throw made to third
Leslie Penn to second
Batting: SHB Sean Carr 0-0: Ball
1-0: Foul Ball, location: 2F
1-1: SINGLE (Line Drive, 4D)
Daniel Guerrero scores
Leslie Penn to third
Batting: RHB Lorenzo Morín Pickoff Throw to First - Out!
0-0: Foul Ball, location: 2F
0-1: Ball
1-1: DOUBLE (Line Drive, 7D)
Leslie Penn scores
Batting: RHB Claudio Guerra 0-0: Ground out 4-3 (Groundball, 4MS)
Bottom of the 7th over - 2 run(s), 3 hit(s), 0 error(s), 1 left on base; Calgary 9 - Walla Walla 9
TOP OF THE 8TH
Calgary Cowboys batting - Pitching for Walla Walla All-Stars : RHP Javier Valenzuela
Now at 1B: Daniel Guerrero
Batting: RHB Jesús Hernández 0-0: SINGLE (Groundball, 6MD)
Batting: LHB Donald Schultz 0-0: Sac Bunt - play at first, batter OUT! 2-3
Jesús Hernández to second
Batting: RHB Iain Liefting 0-0: Ball
1-0: Foul Ball, location: 2F
1-1: Ball
2-1: Foul Ball, location: 2F
2-2: Strikes out swinging
Batting: RHB Cristián Peńa 0-0: Called Strike
0-1: Ball
1-1: Ball
2-1: Foul Ball, location: 2F
2-2: Strikes out swinging
Top of the 8th over - 0 run(s), 1 hit(s), 0 error(s), 1 left on base; Calgary 9 - Walla Walla 9
BOTTOM OF THE 8TH
Walla Walla All-Stars batting - Pitching for Calgary Cowboys : RHP Richard Boyd
Batting: LHB Keith Beard 0-0: Fly out, F5 (Popup, 5F)
Pinch Hitting: SHB Clinton Watson 0-0: Called Strike
0-1: Called Strike
0-2: Ball
1-2: Ball
2-2: Foul Ball, location: 2F
2-2: Fly out, F9 (Flyball, 9M)
Batting: LHB Mike Young 0-0: Foul Ball, location: 2F
0-1: Swinging Strike
0-2: Strikes out swinging
Bottom of the 8th over - 0 run(s), 0 hit(s), 0 error(s), 0 left on base; Calgary 9 - Walla Walla 9
TOP OF THE 9TH
Calgary Cowboys batting - Pitching for Walla Walla All-Stars : RHP Javier Valenzuela
Pitching: LHP Pepe Caro
Now in RF: Clinton Watson
Batting: RHB Jorge Balencia 0-0: Called Strike
0-1: Called Strike
0-2: Ball
1-2: Ground out 6-3 (Groundball, 6MS)
Batting: RHB Ramón Martínez 0-0: Fly out, F3 (Popup, 3L)
Batting: RHB Shayne Burry 0-0: Ball
1-0: DOUBLE (Flyball, 7D)
Batting: SHB Juan Acevado 0-0: Swinging Strike
0-1: Ball
1-1: Foul Ball, location: 2F
1-2: Foul Ball, location: 2F
1-2: Ball
2-2: Ball
3-2: Base on Balls
Pinch Runner at 2nd Tom Bentley:
Pinch Hitting: RHB Cristo Vázquez 0-0: Fly out, F8 (Flyball, 8LXD)
Top of the 9th over - 0 run(s), 1 hit(s), 0 error(s), 2 left on base; Calgary 9 - Walla Walla 9
BOTTOM OF THE 9TH
Walla Walla All-Stars batting - Pitching for Calgary Cowboys : RHP Richard Boyd
Now at 1B: Tom Bentley
Now in CF: Clark Hodge
Pinch Hitting: SHB Ryu Kichida 0-0: Ball
1-0: Ball
2-0: Foul Ball, location: 2F
2-1: Foul Ball, location: 2F
2-2: Ball
3-2: Base on Balls
Batting: RHB Daniel Guerrero 0-0: Sac Bunt - play at first, batter OUT! 3-4
Ryu Kichida to second
Batting: RHB Leslie Penn 0-0: Ball
1-0: Ball
2-0: Ball
3-0: Called Strike
3-1: Base on Balls
Pinch Runner at 2nd Kenkichi Hayagawa:
Batting: SHB Sean Carr 0-0: Called Strike
0-1: Ball
1-1: Called Strike
1-2: Strikes out swinging
Batting: RHB Lorenzo Morín 0-0: Called Strike
0-1: Swinging Strike
0-2: Ball
1-2: Fly out, F8 (Flyball, 78D)
Bottom of the 9th over - 0 run(s), 0 hit(s), 0 error(s), 2 left on base; Calgary 9 - Walla Walla 9
TOP OF THE 10TH
Calgary Cowboys batting - Pitching for Walla Walla All-Stars : LHP Pepe Caro
Now at SS: Kenkichi Hayagawa
Batting: RHB Jesús Hernández 0-0: Ball
1-0: SINGLE (Line Drive, 56D)
Batting: LHB Donald Schultz 0-0: Bunt - Flyout! F1
Batting: RHB Iain Liefting 0-0: Ball
1-0: Called Strike
1-1: Foul Ball, location: 2F
1-2: Ball
2-2: Foul Ball, location: 2F
2-2: Grounds into double play, 6-4-3 (Groundball, 6)
Top of the 10th over - 0 run(s), 1 hit(s), 0 error(s), 0 left on base; Calgary 9 - Walla Walla 9
BOTTOM OF THE 10TH
Walla Walla All-Stars batting - Pitching for Calgary Cowboys : RHP Richard Boyd
Batting: RHB Claudio Guerra 0-0: Called Strike
0-1: Ball
1-1: Ball
2-1: Foul Ball, location: 2F
2-2: Ground out 5-3 (Groundball, 5)
Pitching: LHP Alfredo Durán
Pinch Hitting: RHB Luke McIndoe 0-0: Ball
1-0: Ball
2-0: Called Strike
2-1: SINGLE (Line Drive, 4M)
Batting: SHB Clinton Watson 0-0: Fly out, F6 (Popup, 56)
Pinch Hitting: RHB Jeff Thompson 0-0: Ball
1-0: Ground out 1-3 (Groundball, 13)
Bottom of the 10th over - 0 run(s), 1 hit(s), 0 error(s), 1 left on base; Calgary 9 - Walla Walla 9
TOP OF THE 11TH
Calgary Cowboys batting - Pitching for Walla Walla All-Stars : LHP Pepe Caro
Pitching: RHP Ricky Gutiérrez
Now at 1B: Luke McIndoe
Now in CF: George Jost
Batting: RHB Cristián Peńa 0-0: Ball
1-0: Ball
2-0: Ball
3-0: Called Strike
3-1: Called Strike
3-2: SINGLE (Groundball, 25) (infield hit)
Batting: RHB Jorge Balencia 0-0: Ball
1-0: Ball
2-0: Swinging Strike
2-1: 2-RUN HOME RUN (Flyball, 7D), Distance : 378 ft
Batting: RHB Ramón Martínez 0-0: SINGLE (Line Drive, 8RS)
Batting: RHB Tom Bentley 0-0: SINGLE (Groundball, 56D)
Ramón Martínez to second
Batting: SHB Juan Acevado 0-0: Bunted foul
0-1: Sac Bunt - play at first, batter OUT! 1-4
Ramón Martínez to third
Tom Bentley to second
Batting: RHB Clark Hodge 0-0: Foul Ball, location: 2F
0-1: Ground out 5-3 (Groundball, 56)
Batting: RHB Jesús Hernández 0-0: Called Strike
0-1: Ball
1-1: Foul Ball, location: 2F
1-2: Strikes out swinging
Top of the 11th over - 2 run(s), 4 hit(s), 0 error(s), 2 left on base; Calgary 11 - Walla Walla 9
BOTTOM OF THE 11TH
Walla Walla All-Stars batting - Pitching for Calgary Cowboys : LHP Alfredo Durán
Batting: LHB Kenkichi Hayagawa 0-0: Ball
1-0: Foul Ball, location: 2F
1-1: SINGLE (Line Drive, 34)
Batting: RHB Daniel Guerrero 0-0: Called Strike
0-1: Called Strike
0-2: Fly out, F4 (Popup, 4MD)
Batting: RHB Leslie Penn 0-0: Ball
1-0: Ball
2-0: Swinging Strike
2-1: Ball
3-1: Base on Balls
Kenkichi Hayagawa to second
Batting: SHB Sean Carr 0-0: Ball
1-0: Called Strike
1-1: Swinging Strike
1-2: Ball
2-2: Fly out, F9 (Flyball, 9M)
Batting: RHB Lorenzo Morín 0-0: Fly out, F9 (Line Drive, 9S)
Bottom of the 11th over - 0 run(s), 1 hit(s), 0 error(s), 2 left on base; Calgary 11 - Walla Walla 9
This league is powered by Out of the Park Baseball, the baseball management simulation game for PC, Mac and Linux
Wednesday, December 2nd, 2015 - OOTP Baseball 16.8 Build 38